Map: King's Cove LE

Players

Lactoss - Winner!

  • Race: Protoss Protoss
  • League: Diamond
  • Spawn Location: 11:00

Ascendant

  • Race: Zerg Zerg
  • League: Diamond
  • Spawn Location: 5:00

VOD

Have the link to the VOD?

Description

Time

  • Played on: July 21, 2019, 6:46 p.m.
  • Length: 6:29
Show
View Real Time Build Order
Export as new Build Order

Lactoss Protoss - Winner!

Build Orders:  

Get SALT Encoding   

  1  0:00  Probe  
  13  0:07  Probe  
  14  0:16  Probe  
  15  0:26  Pylon  
  15  0:44  Probe  
  16  0:50  Gateway  
  16  0:56  Probe  
  17  1:02  Assimilator  
  17  1:08  Probe  
  18  1:17  Assimilator  
  18  1:20  Gateway  
  18  1:23  Assimilator  
  18  1:32  Zealot  
  18  1:40  Cybernetics Core  
  20  1:55  Probe  
  21  2:05  Pylon  
  21  2:07  Probe, Assimilator  
  22  2:19  Probe  
  23  2:22  Adept x2  
  27  2:42  Nexus  
  27  2:49  Probe  
  28  3:02  Warp Gate  
  28  3:06  Probe  
  28  3:07  Twilight Council  
  29  3:14  Probe  
  30  3:24  Robotics Facility  
  30  3:28  Pylon  
  30  3:32  Probe, Pylon  
  31  3:48  Stalker  
  33  3:49  Stalker  
  33  3:54  Probe  
  33  3:55  Probe  
  37  4:05  Probe x2  
  39  4:13  Probe x2  
  39  4:15  Warp Prism  
  43  4:32  Charge  
  43  4:37  Gateway  
  43  4:38  Gateway  
  43  4:40  Probe x2  
  43  4:44  Gateway  
  45  4:52  Gateway  
  45  4:57  Gateway  
  45  5:00  Gateway  
  45  5:13  Gateway  
  45  5:14  Gateway  
  45  5:17  Pylon  
  45  5:39  Zealot x5  
  55  5:46  Pylon  
  55  6:00  Zealot  
  55  6:01  Zealot x6  
  69  6:07  Zealot  
  71  6:28  Zealot x3  
Show
View Real Time Build Order
Export as new Build Order

Ascendant Zerg 

Build Orders: Pool First 

Get SALT Encoding   

  12  0:02  Drone  
  13  0:16  Overlord  
  13  0:22  Drone  
  14  0:35  Drone x2  
  16  0:38  Drone  
  17  0:50  Spawning Pool  
  17  0:56  Drone  
  17  1:00  Drone  
  18  1:21  Hatchery  
  17  1:26  Drone x2  
  17  1:32  Drone  
  20  1:38  Queen  
  22  1:45  Overlord  
  22  2:04  Zergling x2  
  22  2:06  Zergling x2  
  24  2:18  Queen  
  24  2:20  Drone  
  27  2:31  Drone  
  27  2:33  Queen  
  27  2:34  Drone  
  27  2:36  Drone  
  32  2:44  Drone  
  33  2:47  Drone x3  
  36  2:56  Extractor  
  34  2:58  Drone  
  34  2:59  Drone  
  34  3:05  Overlord  
  36  3:10  Extractor  
  35  3:18  Drone  
  35  3:19  Overlord x2  
  36  3:23  Queen  
  36  3:25  Drone  
  36  3:26  Overlord, Drone x2  
  36  3:27  Overlord  
  41  3:43  Drone x2  
  43  3:55  Lair  
  43  4:00  Roach Warren  
  42  4:06  Drone  
  42  4:07  Drone x3  
  42  4:08  Hatchery  
  45  4:10  Extractor  
  45  4:13  Drone x2  
  46  4:17  Drone x2  
  46  4:20  Extractor  
  47  4:25  Drone  
  47  4:26  Evolution Chamber, Drone  
  48  4:34  Drone x4  
  52  4:40  Roach  
  52  4:41  Roach  
  52  4:43  Drone  
  57  4:46  Drone  
  62  5:07  Roach x3, Hydralisk Den  
  62  5:08  Spore Crawler, Drone  
  62  5:12  Drone  
  62  5:14  Drone  
  65  5:16  Drone  
  65  5:18  Overseer  
  65  5:20  Drone  
  67  5:25  Drone x2  
  67  5:28  Drone  
  70  5:29  Drone  
  70  5:41  Overlord  
  70  5:56  Drone x3  
  73  5:57  Overlord x4  
  73  5:59  Hydralisk  
  75  6:07  Overlord  
Tags
 
Add a new tag
Caveats
  • Supply blocks, unpowered buildings, or Contaminate may cause inaccurate times.
  • Supply counts are checked every 10 seconds.